 Dungeon Crawl Stone Soup version 0.29.0-4-gdea44cf6ec (webtiles) character file.

Game seed: 7149651270947717726

20 qw the Chopper (level 2, 0/17 HPs)
             Began as a Tengu Warper on Aug 28, 2022.
             Succumbed to their own poison gas
             ... on level 1 of the Dungeon.
             The game lasted 00:00:04 (1418 turns).

qw the Chopper (Tengu Warper)                       Turns: 1418, Time: 00:00:05

Health: 0/17       AC:  6    Str:  9 (11) XL:     2   Next: 79%
Magic:  6/6        EV:  8    Int: 10 (13) God:
Gold:   42         SH:  0    Dex: 11 (13) Spells: 5/5 levels left

rFire   . . .      SeeInvis .   Y - +0 hand axe (venom)
rCold   . . .      Faith    .   (no shield)
rNeg    . . .      Spirit   .   i - +0 scale mail
rPois   .          Reflect  .   (helmet restricted)
rElec   .          Harm     .   (no cloak)
rCorr   .          Rampage  .   (no gloves)
Will    .....                   (boots unavailable)
Stlth   ..........              (no amulet)
HPRegen 0.05/turn               (no ring)
MPRegen 0.10/turn               (no ring)

@: lethally poisoned (0 -> -6)
A: beak, talons 3
a: no special abilities


You were on level 1 of the Dungeon.
You visited 1 branch of the dungeon, and saw 1 of its levels.

You collected 42 gold pieces.


Innate Abilities, Weirdness & Mutations

You have a beak for a mouth.
You have claws for feet.


   Skills:
 - Level 2.0 Fighting
 + Level 3.6 Axes
 - Level 1.0 Throwing
 - Level 1.1 Armour
 - Level 2.1 Dodging
 - Level 2.0 Spellcasting
 - Level 2.4 Translocations


You had 5 spell levels left.
You didn't know any spells.
Your spell library contained the following spells:

 Spells                   Type           Power      Damage    Failure   Level
 Blink                    Tloc           10%        N/A       82%         2
 Gell's Gravitas          Tloc           5%         N/A       96%         3
 Lesser Beckoning         Tloc           5%         N/A       96%         3
 Teleport Other           Tloc           5%         N/A       96%         3
 Manifold Assault         Tloc           5%         N/A       100%        5

Inventory:

Hand Weapons
 g - a +0 club
 Y - a +0 hand axe of venom (weapon)
Armour
 i - a +0 scale mail (worn)
Scrolls
 a - a scroll of identify
Potions
 d - a potion of ambrosia {unknown}

Dungeon Overview and Level Annotations

Branches:
Dungeon (1/15)

Altars:


Message History

1409 ||| READING scroll labelled PEMAPS IRAPEO.
The air fills with toxic fumes!
As you read the scroll labelled PEMAPS IRAPEO, it crumbles to dust.
It was a scroll of poison.
Done exploring.
1410 ||| READING scroll labelled NUORIRY OMIVA.
As you read the scroll labelled NUORIRY OMIVA, it crumbles to dust.
It is a scroll of brand weapon.
Your +0 hand axe drips with poison.
Y - a +0 hand axe of venom (weapon)
Done exploring.
1411 ||| DRINKING 2 sedimented grey potions.
It was a potion of degeneration.
There was something very wrong with that liquid.
You feel weakened.
You feel dopey.
You feel clumsy.
Done exploring.
1412 ||| DROPPING scroll of blinking.
You drop a scroll of blinking.
Done exploring.
1413 ||| DROPPING potion of degeneration.
You drop a potion of degeneration.
Done exploring.
(D) Dungeon
Where to? (* - list waypoints, ? - help)
What level of the Dungeon? (default 1, ? - help) Sorry, I don't know how to get there.
Done exploring.
1414 ||| Stepping randomly (stuck).
Really walk into that cloud of poison gas?
You are engulfed in poison gas.
You are lethally poisoned!
You feel very sick.
1415 ||| Stepping ~*~*~tactically~*~*~ (cloud).
You feel very sick.
Things that are here:
a potion of degeneration; a scroll of blinking; a +0 leather armour
There is a lethal amount of poison in your body!
You feel sick.
There is a lethal amount of poison in your body!
You feel sick.
There is a lethal amount of poison in your body!
You die...

#########
#......0########
###.#....0¤¤¤00¤@#
..%.....#0#¤0###¤#
.##.#.....#..###¤#
.##.##.#.......#¤###
###.##.##.#..#.#0¤.#
#.......#..#..¤¤.#
####..........00.#
############0##
####### #.#


There were no monsters in sight!

Vanquished Creatures
  5 bats (D:1)
  2 endoplasms (D:1)
  A giant cockroach (D:1)
  A hobgoblin (D:1)
  2 kobolds (D:1)
  A frilled lizard (D:1)
  3 goblins (D:1)
  2 rats (D:1)
17 creatures vanquished.

Notes
Turn   | Place    | Note
-------+----------+-------------------------------------------
     0 | D:1      | qw the Tengu Warper began the quest for the Orb.
     0 | D:1      | Reached XP level 1. HP: 12/12 MP: 4/4
     0 | D:1      | 0 ||| qw: Version: 0.1-a-89-g26bdef1
     0 | D:1      | 0 ||| qw: Game counter: 2118
     0 | D:1      | 0 ||| qw: Always use a shield: true
     0 | D:1      | 0 ||| qw: God list: Okawaru
     0 | D:1      | 0 ||| qw: Allow faded altars: false
     0 | D:1      | 0 ||| qw: Do Orc after D:15 true
     0 | D:1      | 0 ||| qw: Do second Lair branch before Depths: true
     0 | D:1      | 0 ||| qw: Lair rune preference: random
     0 | D:1      | 0 ||| qw: Plans: Normal
     0 | D:1      | 0 ||| PLANNING D:1-11
   125 | D:1      | Found a faded altar of an unknown god.
   260 | D:1      | Reached skill level 3 in Axes
   260 | D:1      | Reached XP level 2. HP: 10/17 MP: 6/6
   629 | D:1      | 629 ||| Stepping ~*~*~tactically~*~*~ (stealth).
   631 | D:1      | 631 ||| Stepping ~*~*~tactically~*~*~ (stealth).
   669 | D:1      | 669 ||| Stepping ~*~*~tactically~*~*~ (stealth).
   675 | D:1      | 675 ||| Stepping ~*~*~tactically~*~*~ (stealth).
   676 | D:1      | 676 ||| Stepping ~*~*~tactically~*~*~ (stealth).
  1397 | D:1      | 1397 ||| UPGRADING to +0 scale mail.
  1407 | D:1      | 1407 ||| DROPPING +0 leather armour.
  1408 | D:1      | 1408 ||| READING 2 scrolls labelled PUYBLA OTS.
  1409 | D:1      | 1409 ||| READING scroll labelled PEMAPS IRAPEO.
  1410 | D:1      | 1410 ||| READING scroll labelled NUORIRY OMIVA.
  1411 | D:1      | 1411 ||| DRINKING 2 sedimented grey potions.
  1412 | D:1      | 1412 ||| DROPPING scroll of blinking.
  1413 | D:1      | 1413 ||| DROPPING potion of degeneration.
  1414 | D:1      | 1414 ||| Stepping randomly (stuck).
  1415 | D:1      | 1415 ||| Stepping ~*~*~tactically~*~*~ (cloud).
  1416 | D:1      | HP: 4/17 [poisoned by you (poison gas)]
  1418 | D:1      | Succumbed to their own poison gas

Levels and vault maps discovered:
D:1:      psy_arrival_radial01, layout_loops_cross,
          shapermc_ecumenical_altar_mp_highgroup, minmay_tall_x

Skill      XL: |  1 |
---------------+----+-----
Axes           | 3 |  3.6
Fighting       | |  2.0
Throwing       | |  1.0
Armour         | |  1.1
Dodging        | |  2.1
Spellcasting   | |  2.0
Translocations | |  2.4

Action                   || total
-------------------------++-------
Melee: Hand axe          ||    42
       Kick              ||    10
       Peck              ||     5
Throw: Boomerang         ||     7
  Use: Scroll            ||     3
       Potion            ||     1
Armor: Leather armour    ||    13
Dodge: Dodged            ||    24

Table legend:
 A = Non-vault XP
 B = Vault XP
 C = Vault XP percentage of total XP
 D = Non-vault monster count
 E = Vault monster count
 F = Vault count percentage of total count
                 A         B        C        D         E       F
            +---------+---------+-------+---------+---------+-------
      Total |      22 |       7 |  24.1 |      13 |       4 |  23.5
            +---------+---------+-------+---------+---------+-------
        D:1 |      22 |       7 |  24.1 |      13 |       4 |  23.5
            +---------+---------+-------+---------+---------+-------
